 Dungeon Crawl Stone Soup version 0.31-a0-799-g6bc09d010c (webtiles) character file.

Game seed: 14202462268156666876

3774 avis the Nimble (level 9, -1/64 HPs)
             Began as a Felid Warper on Sept 20, 2023.
             Was an Initiate of Gozag.
             Slain by a wyvern (10 damage)
             ... on level 8 of the Dungeon.
             The game lasted 01:25:20 (9430 turns).

avis the Nimble (Felid Warper)                      Turns: 9430, Time: 01:25:20

Health: -1/64      AC: 28    Str: 11    XL:     9   Next: 95%
Magic:  13/13      EV:  4    Int: 14    God:    Gozag
Gold:   164        SH:  0    Dex: 22    Spells: 2/12 levels left
                                        Lives:  0   Deaths: 3

rFire   . .          .
                       - Unarmed
rCold   . . .        (shield unavailable)
rNeg    . . .        (body armour unavailable)
rPois   +            (helmet unavailable)
rElec   .            (cloak unavailable)
rCorr   .            (gloves unavailable)
SInv    +            (boots unavailable)
Will    +....        (no amulet)
Stlth   ++++         r - +4 ring of protection
HPRegen 0.30/turn    B - +6 ring of dexterity
MPRegen 0.13/turn

%: no passive effects
@: tree-form, gold aura
A: stationary, stasis, torment immunity, boosted hp, very small, (claws 1),
(fangs 3), see invisible, (speed 1), (shaggy fur 2), (stealthy paws), no weapons
or thrown items, no armour, multi-lived
a: Renounce Religion, Potion Petition, Call Merchant, Bribe Branch


You were on level 8 of the Dungeon.
You worshipped Gozag.
Gozag was aware of your devotion.
You were a tree.
You visited 2 branches of the dungeon, and saw 9 of its levels.

You collected 854 gold pieces.
You spent 637 gold pieces at shops.
You paid 53 gold pieces to Gozag.

Inventory:

Jewellery
 r - a +4 ring of protection (left branch)
 B - a +6 ring of dexterity (right branch)
Talismans
 f - a flux talisman
 s - a serpent talisman
Wands
 t - a wand of flame (2)
Scrolls
 a - 4 scrolls of blinking
 b - a scroll of enchant weapon {unknown}
 c - 4 scrolls of teleportation
 i - 2 scrolls of fog {unknown}
 j - a scroll of torment {unknown}
 k - 2 scrolls of silence {unknown}
 l - 2 scrolls of poison {unknown}
 m - 3 scrolls of vulnerability {unknown}
 n - a scroll of enchant armour {unknown}
 p - a scroll of fear {unknown}
 q - a scroll of amnesia {unknown}
 u - a scroll of noise {unknown}
 x - a scroll of brand weapon {unknown}
 y - a scroll of revelation {unknown}
 A - a scroll of immolation {unknown}
Potions
 d - 2 potions of might
 e - a potion of invisibility {unknown}
 g - 3 potions of haste
 h - a potion of brilliance
 o - 2 potions of mutation
 v - a potion of curing
 w - a potion of cancellation {unknown}
 C - 2 potions of magic


   Skills:
 * Level 7.6 Fighting
 - Level 10.0 Dodging
 - Level 7.0 Stealth
 - Level 6.0 Unarmed Combat
 - Level 2.0 Spellcasting
 - Level 6.0 Translocations
 - Level 2.0 Air Magic
 + Level 5.0 Shapeshifting


You had 2 spell levels left.
You knew the following spells:

 Your Spells              Type           Power      Damage    Failure   Level
b - Blink                 Tloc           36%        N/A       3%          2
m - Manifold Assault      Tloc           18%        N/A       21%         4
v - Vhi's Electric Charg  Tloc/Air       24%        N/A       41%         4

Your spell library contained the following spells:

 Spells                   Type           Power      Damage    Failure   Level
 Lesser Beckoning         Tloc           36%        N/A       3%          2
 Summon Small Mammal      Summ           4%         N/A       24%         1
 Poisonous Vapours        Pois/Air       8%         N/A       24%         2
 Teleport Other           Tloc           18%        N/A       6%          3
 Mephitic Cloud           Conj/Pois/Air  3%         N/A       50%         3
 Call Canine Familiar     Summ           1%         N/A       56%         3
 Inner Flame              Hex/Fire       1%         N/A       56%         3
 Summon Guardian Golem    Hex/Summ       1%         N/A       56%         3
 Summon Lightning Spire   Summ/Air       4%         N/A       83%         4
 Flame Wave               Conj/Fire      1%         2d4       93%         4
 Sticky Flame             Conj/Fire      1%         2d3       93%         4
 Freezing Cloud           Conj/Ice/Air   1%         6-21      99%         5
 Lee's Rapid Deconstruct  Erth           0%         3d4*      100%        5
 Animate Armour           Summ/Erth      Unusable   N/A       N/A         4

Dungeon Overview and Level Annotations

Branches:
Dungeon (8/15)             Temple (1/1) D:5
   Lair: D:8-11

Altars:
Ashenzari
Dithmenos
Elyvilon
Fedhas
Gozag
Hepliaklqana
Kikubaaqudgha
Makhleb
Nemelex Xobeh
Okawaru
Qazlal
Sif Muna
Trog
Uskayaw
Vehumet
Xom
Yredelemnul
Zin
The Shining One

Shops:
D:3 *

Annotations:
D:3 2 runed translucent doors, quakins's ghost, amateur TeAE
D:6 4 runed translucent doors
D:8 exclusion: two-headed ogre, Jeremiah


Innate Abilities, Weirdness & Mutations

You are a tree.
Your roots penetrate the ground, keeping you stationary.
You cannot be teleported.
You are immune to unholy pain and torment.
Your maximum health is greatly increased.
((You have sharp claws.))
((You have razor-sharp teeth.))
You have supernaturally acute eyesight. (SInv)
((You cover ground quickly. (Speed+)))
((You are covered in thick fur. (AC +2)))
((Your paws help you pounce on unaware monsters.))
You are incapable of wielding weapons or throwing items.
You cannot wear armour.
You gain extra lives every three experience levels.


Message History

You hit the wyvern but do no damage.
The wyvern bites you but does no damage.
The wyvern bites you!
* * * LOW HITPOINT WARNING * * *
Okay, then.
Smack: -) Branches
Press: ? - help, Dir - move target, f - wyvern
Aim: a wyvern (about 28% to evade your branches)
Okay, then.
You feel better.
The wyvern bites you but does no damage.
You hit the wyvern.
The wyvern is lightly wounded.
The wyvern bites you but does no damage.
You closely miss the wyvern. Your punch misses the wyvern.
The wyvern is lightly wounded.
The wyvern barely misses you.
The wyvern bites you but does no damage.
You closely miss the wyvern.
The wyvern is lightly wounded.
The wyvern bites you.
* * * LOW HITPOINT WARNING * * *
You hit the wyvern.
The wyvern is moderately wounded.
The wyvern bites you.
* * * LOW HITPOINT WARNING * * *
You hit the wyvern but do no damage.
The wyvern is moderately wounded.
The wyvern bites you but does no damage. x2
You hit the wyvern but do no damage.
The wyvern is moderately wounded.
The wyvern barely misses you.
You closely miss the wyvern.
The wyvern is moderately wounded.
The wyvern barely misses you.
You smack the wyvern!
You punch the wyvern, but do no damage.
The wyvern is severely wounded.
The wyvern bites you!
You die...
Your body crumbles into a pile of gold.

## #. #.# #.. #. #.# #..
#. ##.###... #.
....#...##########
........')........
#.#.#...#)).......
#.#.#...#......... .####
#♣#.......).......
....##l#######.........
#..#o#...............
#..o..#...#.........
#.o######.....#.#.........
#....l....#.#.#.#.........
#...####.[......#.###.####
. #.........###.# #.#
##..$..........##..


You could see a wyvern, an orc wizard (invisible) and an orc.

Vanquished Creatures
  2 wyverns
  A yak (D:6)
  A steam dragon (D:7)
  2 vampire mosquitoes (D:6)
  Duvessa (D:6)
  3 water moccasins
  An orc warrior (D:8)
  A sky beast (D:8)
  3 ice beasts
  A black bear (D:8)
  An ogre (D:5)
  2 centaurs (D:6)
  3 phantoms
  4 bullfrogs
  A scorpion (D:7)
  Dowan (D:6)
  6 killer bees (D:8)
  2 howler monkeys (D:6)
  4 orc priests
  A bullfrog zombie (D:4)
  A centaur zombie (D:4)
  A hound (D:6)
  2 jellies
  A centaur skeleton (D:4)
  A sleepcap (D:6)
  A gnoll bouda (D:3)
  An iguana (D:6)
  4 orc wizards
  3 scorpion zombies (D:4)
  3 hound zombies (D:4)
  2 adders
  6 gnolls
  3 white imps
  2 ufetubi (D:5)
  2 adder skeletons (D:4)
  3 worms
  5 dart slugs
  30 orcs
  6 endoplasms
  5 giant cockroaches
  8 goblins
  9 hobgoblins
  8 jackals (D:1)
  2 kobolds
  4 quokkas (D:1)
  5 ball pythons
  4 bats
  A frilled lizard (D:2)
  A quokka zombie (D:4)
  4 rats
169 creatures vanquished.

Notes
Turn   | Place    | Note
-------+----------+-------------------------------------------
     0 | D:1      | avis the Felid Warper began the quest for the Orb.
     0 | D:1      | Reached XP level 1. HP: 9/9 MP: 4/4
    97 | D:1      | Reached skill level 1 in Stealth
   148 | D:1      | Reached XP level 2. HP: 13/13 MP: 6/6
   197 | D:1      | Reached skill level 4 in Dodging
   476 | D:1      | Reached XP level 3. HP: 10/16 MP: 7/7
  1248 | D:2      | Learned a level 2 spell: Blink
  1331 | D:2      | Reached skill level 5 in Dodging
  1571 | D:2      | Reached XP level 4. HP: 19/19 MP: 8/8
  2002 | D:3      | Found Kubeneer's General Store.
  2133 | D:3      | You fall into a shaft and drop 1 floor!
  2151 | D:4      | Identified the +1 ring mail "Quixzaep" {Harm Rampage rF++
                  | MP+9}
  2427 | D:3      | Found a large runed translucent door.
  2427 | D:3      | Found a large runed translucent door.
  2455 | D:3      | Learned a level 4 spell: Vhi's Electric Charge
  2589 | D:3      | Found a faded altar of an unknown god.
  2620 | D:3      | Noticed quakins's ghost (amateur TeAE)
  2982 | D:4      | Reached skill level 6 in Dodging
  2982 | D:4      | Reached XP level 5. HP: 18/22 MP: 9/9
  3040 | D:4      | Noticed a phantom
  3365 | D:4      | Gained mutation: You are covered in thick fur. (AC +2)
                  | [Felid growth]
  3365 | D:4      | Reached XP level 6. HP: 23/28 MP: 10/10
  3813 | D:4      | Reached skill level 5 in Translocations
  3813 | D:4      | Reached XP level 7. HP: 21/32 MP: 11/11
  4078 | D:5      | Entered Level 5 of the Dungeon
  4386 | D:5      | Found a staircase to the Ecumenical Temple.
  4430 | D:5      | Slain by a water moccasin
  4455 | D:5      | Reached skill level 7 in Dodging
  4455 | D:5      | Reached skill level 5 in Stealth
  4461 | Temple   | Entered the Ecumenical Temple
  4470 | Temple   | Became a worshipper of Gozag Ym Sagoz the Greedy
  4559 | D:5      | Noticed a wyvern
  4667 | D:5      | Found a shadowy altar of Dithmenos.
  4967 | D:3      | Bought a potion of lignification for 39 gold pieces
  5148 | D:6      | Reached skill level 8 in Dodging
  5233 | D:6      | Noticed a vampire mosquito
  5240 | D:6      | Noticed a vampire mosquito
  5270 | D:6      | Killed a vampire mosquito
  5271 | D:6      | Reached XP level 8. HP: 36/36 MP: 12/12
  5301 | D:6      | Reached skill level 9 in Dodging
  5414 | D:6      | Found a large runed translucent door.
  5414 | D:6      | Found a large runed translucent door.
  5429 | D:6      | Noticed an unseen horror
  5429 | D:6      | Noticed a two-headed ogre
  5436 | D:6      | Found a large runed translucent door.
  5436 | D:6      | Found a large runed translucent door.
  5520 | D:6      | Reached skill level 10 in Dodging
  5573 | D:6      | Reached skill level 1 in Air Magic
  5573 | D:6      | Reached skill level 1 in Shapeshifting
  5689 | D:6      | Noticed a troll
  5845 | D:3      | Bought 2 potions of magic for 208 gold pieces
  6369 | D:6      | Noticed Dowan
  6371 | D:6      | Noticed Duvessa
  6527 | D:6      | HP: 1/54 [orc priest/divine providence (8)]
  6530 | D:6      | Killed from afar by an orc priest
  6613 | D:5      | Reached skill level 5 in Fighting
  6613 | D:5      | Reached skill level 5 in Unarmed Combat
  6613 | D:5      | Reached XP level 9. HP: 22/40 MP: 13/13
  6987 | D:6      | Killed Dowan
  7004 | D:6      | Killed from afar by an orc priest
  7620 | D:7      | Learned a level 4 spell: Manifold Assault
  8247 | D:6      | Killed Duvessa
  8620 | D:3      | Bought 2 potions of haste for 260 gold pieces
  8620 | D:3      | Bought a potion of haste for 130 gold pieces
  9381 | D:8      | Noticed a two-headed ogre
  9397 | D:8      | Noticed Jeremiah
  9421 | D:8      | Reached skill level 5 in Shapeshifting
  9421 | D:8      | HP: 1/64 [wyvern (11)]
  9430 | D:8      | Slain by a wyvern

Illustrated notes

Levels and vault maps discovered:
D:1:      saegor_arrival_under_anarchy, layout_basic
D:2:      wander_river, layout_loops_cross
D:3:      layout_rooms, ebering_ghost_disaster_area,
          dilly_ecumenical_altar_fadedgnrine, serial_shops, shop
D:4:      layout_loops_ring, serial_undead, serial_undead_b, serial_undead_d,
          serial_undead_d, serial_undead_d, serial_undead_e, serial_undead_f
D:5:      layout_basic, nicolae_dithmenos_shadow_blocks,
          minmay_temple_entry_glass
D:6:      layout_basic, minmay_hollow_rounded_squares, uniq_duvessa
D:7:      layout_cave_pods, minmay_misc_feat_more_columns,
          nicolae_elevator_lobby_plus
D:8:      layout_basic, minmay_bent, uniq_jeremiah
Temple:   regret_index_temple_mists

Skill      XL: |  1  2  3  4  5  6  7  8  9 |
---------------+----------------------------+-----
Stealth        | 1 2 4 6 7 |  7.0
Dodging        | 4 5 6 8 10 | 10.0
Fighting       | 3 4 5 7 |  7.6
Unarmed Combat | 3 4 5 6 |  6.0
Translocations | 5 6 |  6.0
Air Magic      | 1 2 |  2.0
Shapeshifting  | 1 5 |  5.0
Spellcasting   | |  2.0

Action                     |  1- 3 |  4- 6 |  7- 9 || total
---------------------------+-------+-------+-------++-------
  Melee: Unarmed           |   130 |   238 |   478 ||   846
         Bite              |    17 |    31 |    78 ||   126
         Punch             |     2 |     8 |    24 ||    34
   Cast: Vhi's Electric Ch |       |       |     1 ||     1
  Evoke: Wand              |       |       |    29 ||    29
    Use: Scroll            |       |     4 |     2 ||     6
         Potion            |       |       |    12 ||    12
   Stab: Sleeping          |     6 |     7 |    11 ||    24
         Distracted        |     1 |     1 |     3 ||     5
 Armour: Skin              |    34 |    63 |   122 ||   219
  Dodge: Dodged            |    98 |   197 |   430 ||   725

Table legend: (Time is in decaauts)
 A = Elapsed time spent in this place.
 B = Non-inter-level travel time spent in this place.
 C = Inter-level travel time spent in this place.
 D = Time resting spent in this place.
 E = Time spent auto-exploring this place.
 F = Levels seen in this place.
 G = Mean time per level.
                   A        B        C        D        E       F      G
               +--------+--------+--------+--------+--------+-----+--------+
         Total |   8078 |   7055 |   1023 |   1442 |   2719 |   9 |  897.6 |
       Dungeon |   7993 |   7023 |    970 |   1442 |   2719 |   8 |  999.1 |
        Temple |     84 |     32 |     52 |      0 |      0 |   1 |   84.0 |
               +--------+--------+--------+--------+--------+-----+--------+

Top non-repeatable levels by time:
     D:6: 1491 daAuts
     D:4: 1415 daAuts
     D:1: 1046 daAuts
     D:7: 1008 daAuts
     D:5: 1008 daAuts
     D:3: 745 daAuts
     D:2: 720 daAuts
     D:8: 557 daAuts
  Temple: 84 daAuts
